 Dungeon Crawl Stone Soup version 0.24.0-1-gfbc8707122 (webtiles) character file.

Game seed: 9282732801751135153, levelgen mode: deterministic

812 MTVSty1e the Cleaver (level 7, -19/61 HPs)
             Began as a Minotaur Monk on Oct 28, 2019.
             Was a Priest of Okawaru.
             Demolished by an ogre
             ... wielding a +0 giant club
              (26 damage)
             ... on level 4 of the Dungeon.
             The game lasted 00:05:03 (3495 turns).

MTVSty1e the Cleaver (Minotaur Monk)                Turns: 3495, Time: 00:05:04

Health: -19/61     AC: 14    Str: 18    XL:     7   Next: 61%
Magic:  4/6        EV:  8    Int:  7    God:    Okawaru [***...]
Gold:   219        SH:  0    Dex: 12    Spells: 6/6 levels left

rFire    + . .     SeeInvis +   a - +0 hand axe
rCold    + . .     Gourm    .   (no shield)
rNeg     . . .     Faith    .   h - +1 plate armour
rPois    .         Spirit   .   (helmet restricted)
rElec    .         Reflect  .   e - scarf {rC+ rF+}
rCorr    .         Harm     .   o - +0 pair of gloves
MR       .....                  (no boots)
Stlth    ..........             (no amulet)
HPRegen  0.20/turn              i - ring of see invisible
MPRegen  0.10/turn              (no ring)

@: heroism
A: retaliatory headbutt, horns 2
a: Heroism, Renounce Religion


You were on level 4 of the Dungeon.
You worshipped Okawaru.
Okawaru was most pleased with you.
You were not hungry.

You visited 2 branches of the dungeon, and saw 5 of its levels.

You collected 219 gold pieces.

Inventory:

Hand Weapons
 a - a +0 hand axe (weapon)
Armour
 e - a scarf of resistance (worn)
 h - a +1 plate armour (worn)
 o - a +0 pair of gloves (worn)
Jewellery
 i - a ring of see invisible (left hand)
Scrolls
 b - a scroll of enchant weapon {unknown}
 g - 2 scrolls of teleportation
 j - a scroll of fog
 n - 4 scrolls of amnesia
 p - a scroll of magic mapping
 q - a scroll of identify
Potions
 d - a potion of lignification {unknown}
 f - a potion of heal wounds
 k - a potion of invisibility {unknown}
 l - 2 potions of curing {unknown}
 m - a potion of flight {unknown}
Comestibles
 c - 3 rations


   Skills:
 + Level 5.3(10.3) Fighting
 * Level 10.1(15.1) Axes
 - Level 3.3(8.3) Dodging
 - Level 1.5(6.5) Stealth


You had 6 spell levels left.
You didn't know any spells.
Your spell library was empty.

Dungeon Overview and Level Annotations

Branches:
Dungeon (4/15)             Temple (1/1) D:4

Altars:
Ashenzari
Cheibriados
Dithmenos
Elyvilon
Gozag
Hepliaklqana
Kikubaaqudgha
Makhleb
Okawaru
Qazlal
Ru
Wu Jian
Xom
Yredelemnul
Zin
The Shining One

Shops:
D:4 %

Annotations:
D:4 1 runed translucent door


Innate Abilities, Weirdness & Mutations

You reflexively headbutt those who attack you in melee.
You have a pair of horns on your head.


Message History

The ogre is moderately wounded.
The ogre hits you with a +0 giant club!!
You gain the combat prowess of a mighty hero.
The ogre hits you with a +0 giant club!
* * * LOW HITPOINT WARNING * * *
You hit the ogre but do no damage.
You headbutt the ogre, but do no damage.
The ogre is moderately wounded.
You slash the ogre! You headbutt the ogre.
The ogre is heavily wounded.
The ogre hits you with a +0 giant club!
* * * LOW HITPOINT WARNING * * *
You hit the ogre but do no damage.
The ogre is heavily wounded.
You slash the ogre! Your headbutt misses the ogre.
The ogre is almost dead.
Your plate armour prevents you from hitting the ogre.
The ogre is almost dead.
The ogre hits you with a +0 giant club!!
You die...

...# #...# ...# #.### .###
#.# .# #.# .########.#
..........# ########
..######### #......# .## #
### #.####.# .# #....O.#@##
#.####.## .#
#.####.O#.#####.#.....# .##
####.#.........).....##..#
..#
#.......#..#.#####.####..##
..# #.##....#.#.##
#...)....# ..# #.##......##
##[####[.# ..# #.##†....#
#.##....# ∩.# #.##..#..#
#.##.##.# ..# #(......<#
#######.......#


You could see an ogre.

Vanquished Creatures
  The ghost of Erac the Changer, an amateur MfTm of Okawaru (D:4)
  2 ogres (D:4)
  A centaur (D:4)
  A scorpion (D:4)
  An orc wizard (D:4)
  An orc priest (D:4)
  Jessica (D:2)
  A worker ant (D:4)
  Robin (D:4)
  8 adders
  5 oozes (D:1)
  2 worms (D:4)
  4 dart slugs (D:1)
  3 leopard geckos
  9 orcs
  8 giant cockroaches
  14 goblins
  14 hobgoblins
  7 jackals (D:1)
  2 kobolds (D:1)
  3 ball pythons
  4 bats
  3 frilled lizards
  12 rats
108 creatures vanquished.

Notes
Turn   | Place    | Note
-------+----------+-------------------------------------------
     0 | D:1      | MTVSty1e the Minotaur Monk began the quest for the Orb.
     0 | D:1      | Reached XP level 1. HP: 19/19 MP: 0/0
     1 | D:1      | Found a runed translucent door.
    47 | D:1      | Reached skill level 4 in Axes
    47 | D:1      | Reached XP level 2. HP: 27/27 MP: 1/1
   530 | D:1      | Reached XP level 3. HP: 33/33 MP: 2/2
   795 | D:1      | Reached skill level 5 in Axes
  1054 | D:1      | Reached XP level 4. HP: 35/40 MP: 3/3
  1188 | D:2      | Found a shattered altar of Ashenzari.
  1262 | D:2      | Noticed Jessica
  1263 | D:2      | Found a white marble altar of Elyvilon.
  1269 | D:2      | Killed Jessica
  1269 | D:2      | Reached skill level 6 in Axes
  1365 | D:2      | Reached XP level 5. HP: 47/47 MP: 4/4
  1890 | D:3      | Found a snail-covered altar of Cheibriados.
  1925 | D:3      | Found an ornate altar of the Wu Jian Council.
  2267 | D:4      | Found a staircase to the Ecumenical Temple.
  2267 | D:4      | Noticed Robin
  2277 | D:4      | Killed Robin
  2277 | D:4      | Reached skill level 7 in Axes
  2343 | Temple   | Entered the Ecumenical Temple
  2523 | Temple   | Became a worshipper of Warmaster Okawaru
  2523 | Temple   | Reached * piety under Okawaru
  2523 | Temple   | Reached ** piety under Okawaru
  2584 | D:4      | Noticed an ogre
  2590 | D:4      | Reached XP level 6. HP: 46/53 MP: 5/5
  2596 | D:4      | Reached skill level 8 in Axes
  2826 | D:4      | Found a runed translucent door.
  2914 | D:4      | Found a glowing golden altar of the Shining One.
  2943 | D:4      | Found a runed translucent door.
  2943 | D:4      | Noticed Erac's ghost (amateur MfTm)
  3017 | D:4      | Reached skill level 9 in Axes
  3017 | D:4      | Reached XP level 7. HP: 60/60 MP: 6/6
  3050 | D:4      | Killed Erac's ghost
  3050 | D:4      | Reached *** piety under Okawaru
  3050 | D:4      | Reached skill level 5 in Fighting
  3133 | D:4      | Found Meto's Food Shop.
  3356 | D:4      | Reached skill level 10 in Axes
  3495 | D:4      | Demolished by an ogre

Levels and vault maps discovered:
D:1:      dpeg_arrival_caged_fury, layout_loops_ring, minivault_25
D:2:      layout_rooms, overflow_temple_1_default, evilmike_ruin_ashenzari,
          uniq_jessica
D:3:      layout_basic, overflow_temple_1_default, lemuel_crystal_altar,
          mrwooster_statue_mirror
D:4:      layout_loops_cross, kennysheep_little_box,
          minmay_temple_entry_overgrown, first_ration, serial_shops, shop,
          ebering_ghost_sewer_f, uniq_robin
Temple:   minmay_temple_bridge_abc

Skill      XL: |  1  2  3  4  5  6  7 |
---------------+----------------------+-----
Axes           | 4 5 6 7 9 10 | 10.1
Fighting       | 4 5 |  5.3
Dodging        | |  3.3
Stealth        | |  1.5

Action                   |  1- 3 |  4- 6 |  7- 9 || total
-------------------------+-------+-------+-------++-------
Melee: Hand axe          |    96 |   157 |    56 ||   309
       Headbutt          |    15 |    34 |    10 ||    59
       Punch             |       |       |     2 ||     2
Invok: Heroism           |       |     1 |     2 ||     3
  Use: Scroll            |       |     6 |     2 ||     8
  Eat: Chunk             |       |     4 |       ||     4
       Ration            |       |     1 |     1 ||     2
Armor: Plate armour      |    55 |   101 |    18 ||   174
       Robe              |     1 |       |       ||     1
Dodge: Dodged            |    35 |    35 |    10 ||    80
